Map: Lerilak Crest

Players

CMStormPolt (Polt) - Winner!

  • Race: Terran Terran
  • League: Grandmaster

LiquidMaNa (MaNa)

  • Race: Protoss Protoss

Event: Root's WW3

VOD

Have the link to the VOD?

Description

Time

  • Played on: Dec. 11, 2015, 5:52 a.m.
  • Length: 14:36

All games in this series

Show
View Real Time Build Order
Export as new Build Order

CMStormPolt Terran - Winner!

Build Orders: Reaper Expand, MMM Bio 

Get SALT Encoding   

  12  0:00  SCV  
  13  0:12  SCV  
  14  0:17  Supply Depot  
  14  0:25  SCV  
  15  0:38  SCV  
  15  0:40  Barracks  
  16  0:43  Refinery  
  16  0:50  SCV  
  17  1:02  SCV  
  18  1:15  SCV  
  19  1:27  Reaper, Orbital Command  
  20  1:39  Command Center  
  20  1:52  SCV  
  21  1:56  Supply Depot  
  21  2:00  Barracks Reactor  
  21  2:04  SCV  
  21  2:07  Barracks  
  22  2:16  SCV  
  22  2:20  Factory  
  23  2:26  Bunker  
  23  2:31  SCV  
  23  2:36  Marine x2  
  26  2:43  SCV  
  27  2:44  Refinery  
  27  2:52  Orbital Command  
  27  2:54  Marine  
  27  2:55  SCV, Marine  
  27  2:57  Barracks Tech Lab  
  30  3:07  SCV  
  31  3:13  Marine x2  
  31  3:18  Cyclone  
  31  3:19  SCV x2  
  38  3:24  Supply Depot  
  38  3:31  SCV x2, Marine x2  
  42  3:37  Supply Depot  
  41  3:43  SCV x2  
  43  3:49  Marine x2  
  47  3:55  SCV x2  
  47  3:57  Stimpack, Factory Reactor, Marauder  
  47  3:58  Widow Mine  
  51  4:03  Refinery  
  51  4:06  Starport  
  51  4:11  SCV x2  
  53  4:19  Supply Depot  
  53  4:22  Marine x2  
  53  4:23  SCV x2, Marauder  
  59  4:35  SCV x2  
  61  4:40  Engineering Bay  
  61  4:43  Supply Depot  
  61  4:46  Medivac  
  61  4:47  SCV  
  61  4:48  SCV  
  66  5:00  SCV x2  
  66  5:02  Command Center  
  66  5:06  Terran Infantry Weapons Level 1  
  67  5:09  Refinery, Factory Reactor  
  67  5:14  Barracks  
  67  5:17  SCV x2  
  69  5:29  SCV, Starport Reactor  
  69  5:30  SCV, Marauder, Barracks, Marine x2  
  69  5:31  Barracks  
  69  5:33  Supply Depot  
  75  5:41  SCV  
  75  5:42  SCV  
  77  5:50  Marine  
  77  5:54  SCV x2, Marauder, Marine  
  77  5:56  Supply Depot x2  
  83  5:59  Combat Shields  
  81  6:06  SCV x2, Factory Reactor, Medivac  
  81  6:09  Barracks Reactor  
  85  6:13  Medivac  
  85  6:16  Orbital Command  
  89  6:18  Marauder  
  89  6:19  Barracks Tech Lab  
  89  6:22  Marine x2  
  91  6:27  SCV x2  
  93  6:33  Armory  
  93  6:36  Engineering Bay  
  93  6:39  SCV x2  
  95  6:42  SCV  
  95  6:43  Missile Turret  
  95  6:44  Marauder x2, Marine x4  
  104  6:47  Marine  
  104  6:51  Concussive Shells, Marine  
  106  6:55  Medivac x2  
  106  6:58  SCV x3  
  113  7:02  Refinery  
  113  7:04  Terran Infantry Armor Level 1, Widow Mine  
  113  7:05  Widow Mine  
  117  7:15  Supply Depot x2  
  117  7:16  Supply Depot, SCV  
  117  7:18  Marauder x2, Marine x3  
  125  7:25  Terran Infantry Weapons Level 2  
  125  7:36  Marine x3  
  128  7:39  Marauder  
  128  7:40  Marine x3, Marauder  
  135  7:46  Barracks  
  135  7:47  Supply Depot x2, Barracks  
  135  7:48  Supply Depot  
  135  7:50  Barracks  
  135  7:54  Ghost Academy, Marine x3  
  135  7:55  Medivac x2  
  135  7:58  Widow Mine x2  
  142  8:03  Terran Vehicle And Ship Armor Level 1  
  140  8:11  Marine x2  
  140  8:12  Marauder x2, Marine x2  
  148  8:13  Marine x2  
  148  8:17  Refinery  
  150  8:26  Liberator x2  
  150  8:31  Marine x5  
  150  8:32  Ghost x2, Marine  
  160  8:38  Barracks Reactor, Barracks Tech Lab  
  160  8:39  Barracks Tech Lab  
  163  9:01  Ghost x4  
  171  9:15  Liberator  
  159  9:21  Marine x4, Liberator  
  159  9:22  Marine x4  
  159  9:24  SCV  
  168  9:25  Terran Infantry Armor Level 2  
  168  9:26  Command Center  
  168  9:37  Supply Depot  
  174  9:49  Personal Cloaking, Terran Infantry Weapons Level 3  
  174  9:59  Marauder x4  
  182  10:00  Command Center  
  182  10:02  Marine x4  
  186  10:07  Marine x3  
  186  10:10  Marine  
  186  10:11  Terran Vehicle And Ship Armor Level 2  
  186  10:33  Marauder  
  186  10:34  Marauder x3, Marine x8  
  175  10:36  Medivac x2  
  171  10:50  Command Center  
  154  11:06  Medivac x2  
  154  11:10  Marauder x4  
  154  11:11  Marine x8  
  147  11:26  Planetary Fortress  
  147  11:29  Marine x3  
  147  11:31  Marauder x2  
  147  11:32  Marauder x2  
  158  11:33  Marine x5  
  163  11:42  Medivac x2  
  167  11:59  Marine x3, Marauder x2  
  167  12:00  Marauder x2, Marine x2  
  180  12:02  Marine x3  
  176  12:18  Medivac x2  
  176  12:20  Orbital Command  
  173  12:37  Refinery  
  173  12:40  Marauder x2  
  173  12:41  Marine x6, Refinery, Marauder x2  
  173  12:44  Marine  
  188  12:46  Marine  
  187  13:04  Liberator x2, Marauder x3  
  187  13:05  Marauder  
  176  13:06  Marine x6  
  176  13:09  Marine x2  
  170  13:37  Marine x8, Marauder x4  
  184  13:46  Widow Mine x2  
  188  14:00  Ghost  
  190  14:02  Ghost  
  190  14:04  Medivac x2  
  190  14:05  Marauder x2  
Show
View Real Time Build Order
Export as new Build Order

LiquidMaNa Protoss 

Build Orders: 1 Gate Expand, Blink Stalkers 

Get SALT Encoding   

  12  0:01  Probe (Chrono Boost)  
  13  0:11  Probe (Chrono Boost)  
  14  0:17  Pylon  
  14  0:22  Probe (Chrono Boost)  
  15  0:35  Probe (Chrono Boost)  
  16  0:37  Gateway  
  16  0:45  Probe (Chrono Boost)  
  17  1:07  Nexus  
  17  1:10  Probe (Chrono Boost)  
  18  1:14  Assimilator  
  18  1:21  Probe (Chrono Boost)  
  19  1:27  Cybernetics Core  
  19  1:31  Probe (Chrono Boost)  
  20  1:36  Assimilator  
  20  1:42  Probe (Chrono Boost)  
  21  1:47  Pylon  
  21  1:52  Probe (Chrono Boost)  
  22  2:03  Probe (Chrono Boost)  
  22  2:05  Stalker (Chrono Boost)  
  25  2:14  Probe  
  25  2:16  Warp Gate  
  25  2:18  Probe (Chrono Boost)  
  26  2:27  Mothership Core (Chrono Boost)  
  29  2:30  Probe (Chrono Boost)  
  29  2:35  Stalker  
  31  2:40  Probe (Chrono Boost)  
  32  2:45  Probe (Chrono Boost)  
  34  2:51  Probe (Chrono Boost)  
  34  2:56  Probe (Chrono Boost)  
  35  2:59  Twilight Council  
  35  3:06  Probe (Chrono Boost)  
  35  3:07  Probe (Chrono Boost)  
  35  3:08  Assimilator  
  37  3:15  Robotics Facility  
  37  3:17  Probe x2 (Chrono Boost)  
  39  3:26  Pylon  
  39  3:27  Blink (Chrono Boost)  
  39  3:28  Probe x2 (Chrono Boost)  
  41  3:37  Probe (Chrono Boost)  
  41  3:38  Probe (Chrono Boost)  
  43  3:45  Assimilator  
  43  3:47  Probe  
  43  3:50  Probe  
  43  3:54  Gateway  
  45  3:57  Gateway  
  45  3:58  Probe  
  45  4:02  Probe  
  47  4:03  Observer (Chrono Boost)  
  48  4:10  Probe  
  48  4:14  Probe  
  48  4:15  Pylon  
  49  4:18  Stalker  
  49  4:22  Probe  
  53  4:24  Observer (Chrono Boost)  
  53  4:26  Probe  
  54  4:34  Pylon  
  54  4:35  Probe  
  55  4:38  Probe, Pylon  
  55  4:43  Observer (Chrono Boost)  
  57  4:47  Probe  
  57  4:51  Stalker x2  
  57  4:52  Stalker  
  64  4:54  Probe  
  64  4:59  Probe  
  66  5:05  Pylon  
  66  5:06  Observer (Chrono Boost)  
  67  5:09  Pylon  
  67  5:10  Probe  
  67  5:11  Probe  
  69  5:25  Stalker x3  
  69  5:27  Nexus  
  75  5:29  Pylon  
  75  5:37  Probe x2  
  77  5:43  Forge x2  
  75  5:51  Probe x2  
  75  5:56  Sentry  
  75  5:57  Sentry x2  
  81  5:58  Resonating Glaives  
  81  6:02  Gateway  
  81  6:04  Gateway  
  83  6:11  Probe x2  
  85  6:16  Immortal (Chrono Boost)  
  85  6:17  Gateway  
  88  6:21  Protoss Ground Weapons Level 1 (Chrono Boost), Protoss Ground Armor Level 1 (Chrono Boost)  
  88  6:27  Adept x2  
  91  6:35  Adept  
  93  6:40  Gateway x2  
  93  6:48  Adept, Pylon  
  93  6:49  Adept  
  93  6:53  Probe  
  97  6:55  Probe x2  
  97  7:00  Immortal  
  104  7:11  Robotics Bay  
  104  7:16  Adept x4  
  112  7:23  Stalker x2  
  112  7:29  Pylon  
  116  7:30  Pylon  
  116  7:40  Photon Cannon  
  116  7:43  Probe, Photon Cannon, Immortal  
  120  7:45  Probe x2  
  120  7:49  Pylon  
  121  7:59  Protoss Ground Armor Level 2 (Chrono Boost), Protoss Ground Weapons Level 2 (Chrono Boost)  
  121  8:11  Stalker x3  
  127  8:14  Assimilator  
  127  8:17  Probe x2  
  127  8:18  Photon Cannon, Assimilator  
  129  8:20  Photon Cannon  
  129  8:22  Disruptor (Chrono Boost)  
  129  8:23  Charge  
  130  8:49  Adept  
  130  8:50  Adept x4  
  130  8:51  Zealot x2  
  130  8:52  Zealot  
  146  8:56  Disruptor (Chrono Boost)  
  146  8:57  Gateway  
  146  9:00  Pylon  
  149  9:05  Pylon  
  149  9:08  Pylon  
  145  9:20  Stalker  
  145  9:23  Pylon  
  147  9:25  Pylon  
  147  9:27  Disruptor (Chrono Boost)  
  149  9:37  Stalker x4  
  155  9:57  Nexus  
  155  10:04  Observer (Chrono Boost)  
  155  10:07  Observer Gravitic Boosters  
  155  10:10  Pylon  
  155  10:11  Pylon  
  155  10:17  Adept x3  
  155  10:18  Adept x3  
  155  10:21  Stalker x2  
  167  10:35  Observer (Chrono Boost)  
  167  10:36  Probe x2  
  159  10:44  Probe  
  159  10:46  Stalker x6  
  159  10:48  Probe  
  173  10:52  Probe  
  173  10:56  Probe  
  159  11:11  Adept x2  
  159  11:12  Stalker x5  
  160  11:26  Protoss Ground Weapons Level 3, Nexus, Protoss Ground Armor Level 3  
  160  11:32  Disruptor (Chrono Boost)  
  163  11:33  Stalker x2, Zealot  
  169  11:42  Pylon  
  169  11:44  Sentry x2  
  169  11:46  Pylon  
  173  11:47  Pylon  
  172  12:00  Pylon  
  172  12:06  Zealot  
  172  12:07  Zealot x3  
  163  12:17  Disruptor (Chrono Boost)  
  164  12:33  Nexus  
  164  12:34  Pylon  
  164  12:36  Pylon  
  164  12:45  Adept x3, Zealot x2  
  164  12:46  Zealot  
  164  12:48  Disruptor (Chrono Boost)  
  147  13:08  Adept x6  
  147  13:09  Adept x2  
  115  13:19  Disruptor (Chrono Boost)  
  107  13:29  Zealot x4  
  107  13:30  Zealot x4  
  121  13:46  Nexus  
  121  13:50  Sentry x3  
  121  13:51  Sentry x2  
  121  13:54  Immortal (Chrono Boost)  
  135  13:59  Pylon  
  135  14:01  Pylon  
  135  14:03  Adept x2  
  121  14:22  Adept  
  121  14:23  Adept x3, Zealot x2  
Tags
 
Add a new tag
Caveats
  • Supply blocks, unpowered buildings, or Contaminate may cause inaccurate times.
  • Supply counts are checked every 10 seconds.